 Dungeon Crawl Stone Soup version 0.25-a0-566-g062765be81 (webtiles) character file.

Game seed: 16162376713104102221, levelgen mode: deterministic

341 Flugslaktarn the Chopper (level 6, -1/56 HPs)
             Began as a Minotaur Fighter on Feb 27, 2020.
             Slain by Menkaure (16 damage)
             ... on level 4 of the Dungeon.
             The game lasted 00:00:36 (1612 turns).

Flugslaktarn the Chopper (Minotaur Fighter)         Turns: 1612, Time: 00:00:37

Health: -1/56      AC:  7    Str: 22    XL:     6   Next: 30%
Magic:  5/5        EV:  7    Int:  5    God:
Gold:   55         SH: 10    Dex: 10    Spells: 5/5 levels left

rFire    . . .     SeeInvis .   a - +0 war axe
rCold    . . .     Gourm    .   c - +0 kite shield
rNeg     + . .     Faith    .   b - +0 scale mail
rPois    .         Spirit   .   (helmet restricted)
rElec    .         Reflect  .   (no cloak)
rCorr    .         Harm     .   (no gloves)
MR       .....                  (no boots)
Stlth    ..........             (no amulet)
HPRegen  0.18/turn              n - ring of positive energy
MPRegen  0.09/turn              (no ring)

@: no status effects
A: retaliatory headbutt, horns 2
a: no special abilities


You were on level 4 of the Dungeon.
You were not hungry.

You visited 1 branch of the dungeon, and saw 4 of its levels.

You collected 55 gold pieces.

Inventory:

Hand Weapons
 a - a +0 war axe (weapon)
Armour
 b - a +0 scale mail (worn)
 c - a +0 kite shield (worn)
Jewellery
 n - a ring of positive energy (left hand)
   (You found it on level 3 of the Dungeon)
Scrolls
 g - 2 scrolls of identify {unknown}
 i - a scroll of blinking {unknown}
 k - a scroll of enchant weapon {unknown}
Potions
 d - 2 potions of might
 f - a potion of magic {unknown}
 h - a potion of haste {unknown}
 j - 3 potions of flight {unknown}
 l - a potion of resistance {unknown}
Comestibles
 e - a ration
 m - a chunk of flesh


   Skills:
 + Level 5.0 Fighting
 * Level 5.4 Axes
 + Level 5.0 Armour
 + Level 5.0 Shields


You had 5 spell levels left.
You didn't know any spells.
Your spell library was empty.

Dungeon Overview and Level Annotations

Branches:
Dungeon (4/15)
 Temple: D:4-7

Altars:

Annotations:
D:4 Menkaure


Innate Abilities, Weirdness & Mutations

You reflexively headbutt those who attack you in melee.
You have a pair of horns on your head.


Message History

Menkaure casts a spell at you.
You barely resist. You hit Menkaure but do no damage.
Menkaure calls on the powers of darkness!
Your body is wracked with pain!
* * * LOW HITPOINT WARNING * * *
You are too injured to fight recklessly!
You are too injured to fight recklessly!
You are too injured to fight recklessly!
You are too injured to fight recklessly!
You are too injured to fight recklessly!
You are too injured to fight recklessly!
You are too injured to fight recklessly!
You are too injured to fight recklessly!
You are too injured to fight recklessly!
You are too injured to fight recklessly!
Unknown command.
Your shield and scale mail prevent you from hitting Menkaure.
Menkaure barely misses you. Menkaure hits you!
You die...

........#############
................#
............###.#
........###.###.#######.
........+...............
......(.###.###.........
##+###### #.# #......=..
...# ..# #......... ####
...# #)@....... ....#
#.)M...... .....#
#......... ###+#.
.......... ...........
##### ............ .....
............. .....
#............. ......


You could see Menkaure.

Vanquished Creatures
  Edmund (D:4)
  An ogre (D:4)
  A scorpion (D:4)
  2 hound skeletons (D:4)
  4 gnolls (D:4)
  2 adders (D:3)
  A worm (D:3)
  A leopard gecko (D:1)
  A ball python (D:3)
  4 bats
  3 giant cockroaches
  3 kobolds
  2 quokkas
  4 rats (D:1)
30 creatures vanquished.

Notes
Turn   | Place    | Note
-------+----------+-------------------------------------------
     0 | D:1      | Flugslaktarn the Minotaur Fighter began the quest for the
                  | Orb.
     0 | D:1      | Reached XP level 1. HP: 19/19 MP: 0/0
   197 | D:1      | Reached XP level 2. HP: 27/27 MP: 1/1
   384 | D:3      | Reached XP level 3. HP: 27/33 MP: 2/2
   646 | D:4      | Noticed a scorpion
   652 | D:4      | Killed a scorpion
   652 | D:4      | Reached XP level 4. HP: 31/40 MP: 3/3
   823 | D:4      | Noticed Edmund
   839 | D:4      | HP: 2/40 [Edmund/+4 vorpal dire flail (9)]
   840 | D:4      | Killed Edmund
   840 | D:4      | Reached XP level 5. HP: 2/47 MP: 4/4
  1223 | D:4      | Noticed an ogre
  1228 | D:4      | Killed an ogre
  1228 | D:4      | Reached skill level 5 in Axes
  1228 | D:4      | Reached XP level 6. HP: 5/55 MP: 5/5
  1603 | D:4      | Reached skill level 5 in Shields
  1603 | D:4      | Noticed Menkaure
  1607 | D:4      | Reached skill level 5 in Fighting
  1607 | D:4      | Reached skill level 5 in Armour
  1612 | D:4      | Slain by Menkaure

Levels and vault maps discovered:
D:1:      minmay_arrival_stone_box, layout_basic, hangedman_decor_points,
          minmay_tromino_v4_a
D:2:      layout_basic, old_standard_altar, first_ration, serial_rivers,
          chequers_serial_rivers_marsh, chequers_serial_rivers_room_a,
          chequers_serial_rivers_room_b, chequers_serial_rivers_room_a,
          chequers_serial_rivers_micro_b, chequers_serial_rivers_small_3
D:3:      layout_basic, uniq_crazy_yiuf_cottage
D:4:      layout_basic, minmay_temple_entry_junction, uniq_menkaure, uniq_edmund

Skill      XL: |  1  2  3  4  5  6 |
---------------+-------------------+-----
Axes           | 3 4 5 |  5.4
Fighting       | 4 5 |  5.0
Armour         | 4 5 |  5.0
Shields        | 4 5 |  5.0

Action                   |  1- 3 |  4- 6 || total
-------------------------+-------+-------++-------
Melee: War axe           |    55 |    37 ||    92
       Headbutt          |     8 |     5 ||    13
  Eat: Chunk             |       |     2 ||     2
Armor: Scale mail        |    23 |    14 ||    37
Dodge: Dodged            |    23 |     7 ||    30
Block: Kite shield       |    33 |    18 ||    51

Table legend:
 A = Non-vault XP
 B = Vault XP
 C = Vault XP percentage of total XP
 D = Non-vault monster count
 E = Vault monster count
 F = Vault count percentage of total count
                 A         B        C        D         E       F
            +---------+---------+-------+---------+---------+-------
      Total |     330 |     158 |  32.4 |      29 |       1 |   3.3
            +---------+---------+-------+---------+---------+-------
        D:1 |      14 |       0 |   0.0 |       9 |       0 |   0.0
        D:3 |      42 |       0 |   0.0 |      10 |       0 |   0.0
        D:4 |     274 |     158 |  36.6 |      10 |       1 |   9.1
            +---------+---------+-------+---------+---------+-------
